 Dungeon Crawl Stone Soup version 0.14.1-3-gd16b60d (webtiles) character file.

179834 Indrah22 the Impaler (level 18, -10/174 HPs)
             Began as an Ogre Fire Elementalist on May 14, 2014.
             Was an Elder of Zin.
             Mangled by a deep troll (17 damage)
             ... on Level 1 of the Depths on May 17, 2014.
             The game lasted 08:02:45 (72823 turns).

Indrah22 the Impaler (Ogre Fire Elementalist)      Turns: 72823, Time: 08:02:45

HP -10/174       AC 14     Str 25      XL: 18   Next: 18%
MP  20/37        EV 14     Int 23      God: Zin [****..]
Gold 2061        SH  0     Dex 14      Spells: 12 memorised, 11 levels left

rFire  + . .     SeeInvis +     w - +5,+8 glaive of the Guard {elec, +Rage AC+5 SInv}
rCold  + + .     Clarity  .     I - +2 robe {rC+ rF+}
rNeg   + . .     Conserve .     (shield restricted)
rPois  +         rCorr    .     O - +1 hat of Hairiness {Str+4 Dex+4}
rElec  .         rRot     .     T - +2 cloak {rPois}
SustAb . .       Spirit   .     (gloves unavailable)
rMut   .         Warding  .     (boots unavailable)
Saprov + . .     Stasis   .     V - amulet of Insomnia {+Rage rN+}
MR     +....                    L - +3 ring of intelligence
                                y - ring of Due Proportion {+Rage rC+ Str+3 Acc-3 Stlth+}

@: repel missiles, somewhat resistant to hostile enchantments, quite stealthy
A: unfitting armour, fast metabolism 1, saprovore 1, tough skin 1
a: Recite, Vitalisation, Imprison, Renounce Religion, Evoke Berserk Rage


You were on level 1 of the Depths.
You worshipped Zin.
Zin was greatly pleased with you.
You were not hungry.

You visited 6 branches of the dungeon, and saw 34 of its levels.
You visited the Abyss 1 time.
You also visited: Labyrinth, Ossuary, Bailey, Ice Cave and Volcano.

You collected 3272 gold pieces.
You spent 884 gold pieces at shops.
You donated 327 gold pieces.

Inventory:

Hand weapons
 a - a +4,+5 flail of crushing
 b - a +0,+2 trident of protection
 e - a +3,+3 great mace of holy wrath
 q - a +4,+3 sling of flame
 w - the +5,+8 glaive of the Guard (weapon) {elec, +Rage AC+5 SInv}
   (You found it in a labyrinth)

   Occasionally, upon striking a foe, it will discharge some electrical energy
   and cause terrible harm.
   It affects your AC (+5).
   It enhances your eyesight.
   It lets you go berserk.
Missiles
 z - 13 poisoned sling bullets
 A - 2 silver tomahawks (quivered)
 D - 10 sling bullets of frost
 Q - 36 sling bullets
Armour
 I - a +2 robe of resistance (worn)
 O - the +1 hat of Hairiness (worn) {Str+4 Dex+4}
   (You acquired it on level 2 of the Lair of Beasts)

   It affects your strength (+4).
   It affects your dexterity (+4).
 T - a +2 cloak of poison resistance (worn)
Magical devices
 f - a wand of digging (14)
 h - a wand of teleportation (3)
 l - a wand of enslavement (2)
 B - a wand of fire (3)
 H - a wand of confusion (5)
 N - a wand of paralysis (7)
Comestibles
 c - 3 meat rations
Scrolls
 g - a scroll of teleportation
 p - 3 scrolls of remove curse
 C - a scroll of immolation
 R - a scroll of fog
 S - a scroll of recharging
Jewellery
 r - an uncursed ring of flight
 y - the ring of Due Proportion (left hand) {+Rage rC+ Str+3 Acc-3 Stlth+}
   (You acquired it on level 1 of the Swamp)

   [ring of protection from cold]

   It affects your strength (+3).
   It affects your accuracy with ranged weapons and melee attacks (-3).
   It lets you go berserk.
   It makes you much more stealthy.
 J - the ring "Alirphi" {+Blink SInv}
   (You took it off a minotaur in a labyrinth)

   [ring of see invisible]

   It lets you blink.
 L - a +3 ring of intelligence (right hand)
 V - the amulet of Insomnia (around neck) {+Rage rN+}
   (You found it on level 13 of the Dungeon)

   [amulet of rage]

   It protects you from negative energy.
Potions
 o - a potion of curing
 s - a potion of berserk rage
 E - a potion of haste
 M - a potion of restore abilities
 Y - 2 potions of agility
Books
 i - a book of Party Tricks

   Spells                             Type                      Level
   Summon Butterflies                 Summoning                    1
   *Apportation                       Translocation                1
   *Blink                             Translocation                2
   Alistair's Intoxication            Transmutation/Poison         4
   Tukima's Dance                     Hexes                        5
Magical staves
 d - an uncursed staff of conjuration
 t - an uncursed staff of power
Miscellaneous
 m - a stone of tremors (inert)
 F - a legendary deck of defence
 K - a sack of spiders {used: 3}
 X - a disc of storms
Rods
 x - a +0 lightning rod (13/13)
   (You found it on level 1 of the Lair of Beasts)


   Skills:
 - Level 10.0 Fighting
 - Level 12.0 Maces & Flails
 - Level 15.0 Polearms
 - Level 7.0 Slings
 - Level 8.0 Dodging
 - Level 5.0 Stealth
 - Level 13.0 Spellcasting
 - Level 9.0 Conjurations
 - Level 3.0 Charms
 + Level 1.9 Translocations
 - Level 7.8 Fire Magic
 - Level 9.0 Invocations
 - Level 7.9 Evocations


You had 11 spell levels left.
You knew the following spells:

 Your Spells              Type           Power        Failure   Level  Hunger
a - Flame Tongue          Conj/Fire      #####        1%          1    None
b - Inner Flame           Hex/Fire       ####....     2%          3    None
c - Conjure Flame         Conj/Fire      ######..     1%          3    None
d - Sticky Flame          Conj/Fire      ######..     1%          4    None
e - Swiftness             Chrm/Air       ###.....     3%          2    None
f - Fireball              Conj/Fire      ######....   4%          5    ##.....
g - Repel Missiles        Chrm/Air       ###...       3%          2    None
h - Blink                 Tloc           N/A          2%          2    None
q - Force Lance           Conj           ######..     3%          5    ##.....
w - Apportation           Tloc           ###.......   1%          1    None
x - Throw Flame           Conj/Fire      ######       1%          2    None
z - Stoneskin             Trmt/Erth      ###.......   10%         2    None


Dungeon Overview and Level Annotations

Branches:
Dungeon (15/15)            Temple (1/1) D:4             Orc (4/4) D:11
    Elf (0/3) Orc:4          Lair (8/8) D:10          Swamp (5/5) Lair:5
 Spider (0/5) Lair:5        Slime (0/6) Lair:7       Vaults (0/5) D:14
 Depths (1/5) D:15

Altars:
Ashenzari
Cheibriados
Elyvilon
Fedhas
Kikubaaqudgha
Makhleb
Nemelex Xobeh
Okawaru
Sif Muna
Trog
Vehumet
Xom
Yredelemnul
Zin
The Shining One
Beogh
Jiyva

Shops:
D:2 *   D:6 [   D:7 %   Orc:2 *   Orc:4 %}((


Innate Abilities, Weirdness & Mutations

You are too large for most types of armour.
You have a fast metabolism.
You can tolerate rotten meat.
You have tough skin (AC +1).


Message History

The deep troll misses you. The deep troll closely misses you.
The deep troll claws you! The deep troll barely misses you.
The deep troll misses you. The deep troll claws you!
* * * LOW HITPOINT WARNING * * *
Drink which item? (? for menu, Esc to quit)
You feel much better. The deep troll closely misses you.
The deep troll claws you. The deep troll barely misses you.
The deep troll shaman calls upon its god to strengthen the deep troll.
The deep troll seems to grow stronger.
A rakshasa comes into view. It is wielding a runed trident.
You barely miss the deep troll.
The deep troll is severely wounded.
The deep troll bites you!
* * * LOW HITPOINT WARNING * * *
The deep troll claws you.
* * * LOW HITPOINT WARNING * * *
The deep troll completely misses you. The deep troll bites you!
* * * LOW HITPOINT WARNING * * *
The deep troll claws you!
You die...

#.######.#.#.#. #.#
#.#..<[. ## ####.#
#.###..# .###..#.#
##......# ...#...##
##.#####.#
.......###....###.#
##E......#.#.>.....#
....##.#........##..###..
#.....@#≈≈≈%≈≈≈#.## ###
#.R.#E#T≈.....≈#.#
#.......≈.....≈#.#
#.###..T.......'.#
####≈[.♣..≈#.#
#≈.....≈#.# #≈≈≈.≈≈≈#.#
####.#.####.#
######...........#


You could see a rakshasa, a deep troll, a deep troll shaman and 2 friendly earth
elementals.

Vanquished Creatures
  An Ice Fiend (IceCv)
  A sphinx (D:13)
  3 thorn hunters
  Rupert (Swamp:3)
  Agnes (Swamp:3)
  Frances (Swamp:1)
  Wiglaf (Depths:1)
  Maud (D:15)
  Louise (Swamp:1)
  A stone giant (Orc:4)
  The ghost of Indrah22 the Arsonist, a powerful DrHe of Elyvilon (Lair:7)
  An ettin (Depths:1)
  2 minotaurs
  Snorg (Lair:7)
  A merfolk impaler (Depths:1)
  2 fire dragons
  A yaktaur captain (Depths:1)
  An ice dragon (D:15)
  A rakshasa (D:15)
  Fannar (Orc:2)
  15 hydras
  An ogre mage (Orc:4)
  A ravenous item mimic (Swamp:3)
  2 shambling mangroves
  2 deep troll earth magi (Depths:1)
  A deep troll shaman (Depths:1)
  A tengu warrior (D:15)
  6 alligators
  A thrashing horror (Abyss:1)
  Urug (Orc:2)
  An orc high priest (Orc:4)
  3 centaur warriors
  Nergalle (D:10)
  2 deep elf knights (Depths:1)
  A catoblepas (Lair:8)
  5 ice devils (IceCv)
  Erolcha (Orc:4)
  9 large abominations
  2 unseen horrors (D:14)
  3 deep trolls (Depths:1)
  6 hill giants
  2 swamp dragons
  An ice statue (IceCv)
  2 spriggan druids (Swamp:4)
  Pikel (D:11)
  2 lindwurms
  2 wolf spiders (Lair:8)
  A deep elf conjurer (Depths:1)
  Joseph (D:10)
  3 orc knights
  6 orc sorcerers
  2 red wasps
  6 black mambas
  2 wizards
  4 cyclopes
  2 orange demons (Abyss:1)
  A kobold demonologist (D:12)
  A golden dragon simulacrum (IceCv)
  5 anaconda simulacra (IceCv)
  5 gargoyles
  29 spiny frogs
  8 trolls
  19 komodo dragons
  Grinder (D:3)
  4 fire drakes
  A minotaur zombie (Lab)
  8 freezing wraiths
  7 giant fireflies
  20 blink frogs
  Sonja (Orc:4)
  A hydra skeleton (D:14)
  5 two-headed ogres
  5 bog bodies
  7 giant leeches
  14 ravens
  19 slime creatures
  A harpy skeleton (D:15)
  8 baby alligators
  4 thorn lotuses
  6 basilisks
  2 raiju (Abyss:1)
  2 wraiths
  9 sharks
  4 trapdoor spiders (Lair:5)
  5 shadows
  4 flying skulls (Abyss:1)
  7 spriggans
  28 ugly things
  A dire elephant simulacrum (IceCv)
  64 yaks
  A deep elf mage (D:11)
  4 wyverns
  A chaos spawn (Abyss:1)
  5 humans (D:10)
  Grum (Orc:2)
  24 vampire mosquitoes
  8 hippogriffs
  A deep elf fighter (Depths:1)
  A fire bat (Abyss:1)
  19 swamp worms
  35 wolves
  2 hungry ghosts (D:14)
  5 steam dragons
  Edmund (D:7)
  4 harpy simulacra
  A mottled dragon (D:14)
  27 water moccasins
  3 soldier ants
  11 small abominations
  4 spiders (Lair:8)
  4 slaves (D:9)
  3 wargs
  An iron troll simulacrum (IceCv)
  2 necrophages
  6 porcupines
  9 swamp drakes
  36 orc warriors
  2 sky beasts
  7 ice beasts
  4 hydra simulacra (IceCv)
  2 phantoms
  2 yellow wasps (Lair:8)
  6 boring beetles
  6 giant goldfish
  A manticore zombie (D:9)
  15 ogres
  A lava worm (D:13)
  24 crocodiles
  5 centaurs
  An elf zombie (Ossuary)
  A big kobold (D:11)
  25 giant frogs
  12 giant slugs
  A cyclops zombie (D:12)
  21 insubstantial wisps
  4 scorpions
  4 killer bees (D:10)
  A swamp dragon simulacrum (IceCv)
  A troll zombie (D:9)
  4 eyes of draining
  A troll skeleton (D:9)
  3 jellies
  11 wights
  5 electric eels
  A hippogriff skeleton (D:14)
  4 lava snakes (D:13)
  2 centaur zombies (Ossuary)
  4 crimson imps
  2 quasits
  8 goliath beetles
  A starcursed mass (Abyss:1)
  7 big fish
  A basilisk zombie (D:13)
  An elf skeleton (D:14)
  11 hounds
  A human zombie (Ossuary)
  48 orc priests
  A giant frog skeleton (D:11)
  62 orc wizards
  2 troll simulacra (IceCv)
  2 two-headed ogre skeletons
  7 iguanas
  12 worker ants
  2 polar bear simulacra (IceCv)
  27 sheep
  A wolf simulacrum (IceCv)
  2 big kobold zombies
  A big kobold skeleton (D:8)
  A centaur simulacrum (IceCv)
  A hound zombie (D:8)
  2 mummies (Ossuary)
  An ogre simulacrum (IceCv)
  9 gnolls
  28 adders
  52 green rats
  4 naga simulacra (IceCv)
  4 worker ant zombies
  11 shadow imps
  10 white imps
  5 giant mites
  An inept feature mimic (D:5)
  6 worms
  7 ufetubi
  3 orc skeletons
  An adder zombie (Ossuary)
  23 orc zombies
  5 giant eyeballs
  9 giant geckos
  An ooze (D:3)
  206 orcs
  3 ball pythons
  A bat skeleton (D:7)
  5 giant cockroaches
  A gnoll zombie (D:7)
  30 goblins
  19 hobgoblins
  21 bats
  6 giant newts
  A giant spore (D:11)
  A goblin skeleton (D:4)
  A hobgoblin skeleton (D:4)
  5 hobgoblin zombies (Ossuary)
  8 jackals
  2 jackal zombies (Ossuary)
  26 kobolds
  13 kobold zombies (Ossuary)
  15 quokkas
  21 rats
  A rat skeleton (D:6)
  A rat zombie (D:7)
  A spectral orc (D:10)
  4 ballistomycetes (D:11)
  4 briar patches (Swamp:4)
  2 butterflies
  A fungus (Lair:4)
  4 plants
1618 creatures vanquished.

Vanquished Creatures (collateral kills)
  A guardian serpent (Lair:8)
  A human (D:10)
  A yak (D:10)
  A centaur (D:7)
  A phantom (D:7)
  An orc wizard (D:10)
  4 orcs
10 creatures vanquished.

Vanquished Creatures (others)
  An ice dragon (D:15)
  A trapdoor spider (Lair:8)
  A small abomination (Abyss:1)
  2 spiders
  An orc priest (Orc:3)
  An orc wizard (Orc:3)
  A giant mite (Swamp:1)
  8 orcs
  A hobgoblin (Orc:3)
  A giant spore (D:11)
  A lurking horror (Abyss:1)
  A briar patch (Swamp:4)
  10 fungi
  10 plants
  4 starspawn tentacles (Abyss:1)
  22 starspawn tentacle segments (Abyss:1)
66 creatures vanquished.

Grand Total: 1694 creatures vanquished

Notes
Turn   | Place    | Note
--------------------------------------------------------------
     0 | D:1      | Indrah22, the Ogre Fire Elementalist, began the quest for the Orb.
     0 | D:1      | Reached XP level 1. HP: 16/16 MP: 3/3
    69 | D:1      | Reached skill level 1 in Conjurations
    69 | D:1      | Reached XP level 2. HP: 24/24 MP: 1/5
   144 | D:1      | Reached skill level 1 in Polearms
   818 | D:1      | Reached XP level 3. HP: 23/31 MP: 6/6
   822 | D:1      | Learned a level 2 spell: Throw Flame
   826 | D:1      | Learned a level 3 spell: Conjure Flame
  1175 | D:2      | Found Zin's Purification Station.
  1177 | D:2      | Found a glowing silver altar of Zin.
  1189 | D:2      | Became a worshipper of Zin the Law-Giver
  1542 | D:2      | Acquired Zin's first power
  1595 | D:2      | Reached XP level 4. HP: 10/39 MP: 0/8
  2205 | D:2      | Reached skill level 3 in Polearms
  3100 | D:3      | Noticed Grinder
  3106 | D:3      | Killed Grinder
  3106 | D:3      | Reached skill level 6 in Spellcasting
  3106 | D:3      | Reached XP level 5. HP: 30/45 MP: 6/17
  3106 | D:3      | Reached XP level 6. HP: 35/53 MP: 6/18
  3214 | D:3      | Learned a level 3 spell: Inner Flame
  3360 | D:3      | Acquired Zin's second power
  3434 | D:3      | Reached skill level 1 in Fighting
  3695 | D:3      | Found a radiant altar of Vehumet.
  3856 | D:4      | Reached XP level 7. HP: 63/68 MP: 20/20
  3888 | D:4      | Reached skill level 1 in Slings
  3978 | D:5      | Entered Level 5 of the Dungeon
  4592 | D:4      | Found a bloodstained altar of Trog.
  4664 | D:4      | Found a staircase to the Ecumenical Temple.
  4709 | Temple   | Entered the Ecumenical Temple
  5310 | D:5      | Reached XP level 8. HP: 78/78 MP: 6/21
  5399 | D:5      | Reached skill level 5 in Polearms
  5490 | D:5      | Found a deep blue altar of Sif Muna.
  5615 | D:5      | Acquired Zin's third power
  5911 | D:5      | Paralysed by a giant eyeball for 4 turns
  6177 | D:6      | Found a basalt altar of Yredelemnul.
  6561 | D:6      | Found Gaasat's Armour Boutique.
  7304 | D:6      | Found a shimmering altar of Xom.
  7344 | D:7      | Noticed Edmund
  7496 | D:7      | Killed Edmund
  7508 | D:7      | Reached XP level 9. HP: 34/84 MP: 4/22
  7858 | D:7      | Found Vakuid's Food Shop.
  8678 | D:7      | Found a blossoming altar of Fedhas.
  8714 | D:7      | Reached skill level 5 in Maces & Flails
  9099 | D:8      | Reached skill level 1 in Evocations
  9109 | D:8      | Found a glowing golden altar of the Shining One.
  9179 | D:8      | Found a sparkling altar of Nemelex Xobeh.
  9236 | D:8      | Found a sparkling altar of Nemelex Xobeh.
  9427 | D:8      | Found a sand-covered staircase.
  9431 | Ossuary  | Entered an ossuary
 10193 | D:8      | Found a burning altar of Makhleb.
 10905 | D:9      | Paralysed by a giant eyeball for 4 turns
 10916 | D:9      | Reached skill level 5 in Fighting
 10954 | D:9      | Reached XP level 10. HP: 96/100 MP: 23/23
 11477 | D:9      | Reached skill level 5 in Slings
 11630 | D:9      | Noticed Pikel
 11910 | D:9      | Paralysed by a giant eyeball for 3 turns
 12772 | D:9      | Reached skill level 7 in Slings
 12797 | D:9      | Reached skill level 1 in Invocations
 13081 | D:10     | Entered Level 10 of the Dungeon
 14202 | D:9      | Learned a level 4 spell: Sticky Flame
 14205 | D:9      | Learned a level 2 spell: Swiftness
 14206 | D:10     | Noticed Nergalle
 14981 | D:10     | Noticed Joseph
 15133 | D:9      | Reached XP level 11. HP: 36/107 MP: 25/25
 16003 | D:10     | Killed Joseph
 16003 | D:10     | Reached skill level 8 in Maces & Flails
 16458 | D:10     | Noticed a spectral orc warlord
 16858 | D:10     | Reached skill level 9 in Maces & Flails
 17609 | D:10     | Reached skill level 10 in Maces & Flails
 18204 | D:10     | Found a staircase to the Lair.
 18241 | Lair:1   | Entered Level 1 of the Lair of Beasts
 20449 | Lair:1   | Reached skill level 10 in Spellcasting
 20607 | Lair:1   | Reached XP level 12. HP: 66/115 MP: 25/30
 22198 | Lair:2   | Reached skill level 5 in Fire Magic
 23760 | Lair:2   | Learned a level 5 spell: Fireball
 23763 | Lair:2   | Learned a level 2 spell: Repel Missiles
 23970 | Lair:3   | Learned a level 1 spell: Apportation
 24629 | Lair:3   | Reached skill level 5 in Conjurations
 25452 | Lair:3   | Learned a level 2 spell: Stoneskin
 26155 | Lair:4   | Found a dark tunnel.
 26344 | Volcano  | Entered a volcano
 26829 | Volcano  | Reached skill level 5 in Dodging
 27964 | Lair:4   | Reached XP level 13. HP: 99/123 MP: 16/31
 29696 | Lair:5   | Found a hole to the Spider Nest.
 29977 | Lair:5   | Found a staircase to the Swamp.
 29996 | Lair:5   | Reached skill level 11 in Maces & Flails
 31365 | Lair:6   | Reached skill level 12 in Maces & Flails
 32229 | Lair:6   | Reached skill level 5 in Evocations
 32523 | Lair:7   | Noticed Indrah22's ghost (powerful DrHe)
 33564 | D:10     | Killed Nergalle
 34026 | D:10     | Upgraded the game from 0.14.1-2-gf595e19 to 0.14.1-3-gd16b60d
 34487 | D:11     | Killed Pikel
 34854 | D:11     | Found a labyrinth entrance.
 34865 | Lab      | Entered a labyrinth
 34954 | Lab      | Noticed a minotaur
 34966 | Lab      | Killed a minotaur
 35151 | Lab      | Got a vibrating granite ring
 35152 | Lab      | Got a smoking long sword {distort}
 35160 | Lab      | Identified the +8,+4 long sword "Shrudes" {distort, Str+2} (You took it off a minotaur in a labyrinth)
 35161 | Lab      | Identified the ring "Alirphi" {+Blink SInv} (You took it off a minotaur in a labyrinth)
 35694 | D:11     | Found a staircase to the Orcish Mines.
 36462 | Orc:1    | Entered Level 1 of the Orcish Mines
 36472 | Orc:1    | Reached XP level 14. HP: 53/131 MP: 4/33
 37136 | Orc:1    | Found a flagged portal.
 37142 | Bailey   | Entered a bailey
 38134 | Orc:1    | Found a roughly hewn altar of Beogh.
 38374 | Orc:1    | Acquired Zin's fourth power
 38551 | Orc:2    | Noticed Grum
 38562 | Orc:2    | Noticed Fannar
 38565 | Orc:2    | Killed Grum
 38577 | Orc:2    | Killed Fannar
 38699 | Orc:2    | Noticed Urug
 38716 | Orc:2    | Killed Urug
 39095 | Orc:2    | Found Yno Tahang's Assorted Antiques.
 39098 | Orc:2    | Bought a potion of heal wounds for 99 gold pieces
 39098 | Orc:2    | Bought a sharpened ivory wand for 132 gold pieces
 39098 | Orc:2    | Bought an embroidered robe for 23 gold pieces
 39098 | Orc:2    | Bought a scroll of identify for 66 gold pieces
 40422 | Orc:4    | Entered Level 4 of the Orcish Mines
 40422 | Orc:4    | Noticed a stone giant
 40516 | Orc:4    | Noticed Erolcha
 40527 | Orc:4    | Killed Erolcha
 41464 | Orc:4    | Killed a stone giant
 41815 | Orc:4    | Found a staircase to the Elven Halls.
 41899 | Orc:4    | Reached skill level 10 in Polearms
 43403 | Orc:4    | Noticed Sonja
 43840 | Orc:4    | Found Bistru's Antique Weapon Emporium.
 43840 | Orc:4    | Found Mnif's Gadget Shoppe.
 43855 | Orc:4    | Found Chaskof's Food Shoppe.
 43880 | Orc:4    | Killed Sonja
 43893 | Orc:4    | Found Athryrchou's Antique Weapon Emporium.
 43921 | Orc:4    | Bought a glowing dire flail for 124 gold pieces
 43923 | Orc:4    | Bought a meat ration for 60 gold pieces
 43923 | Orc:4    | Bought a meat ration for 60 gold pieces
 43925 | Orc:4    | Bought a sack of spiders for 320 gold pieces
 43945 | Orc:4    | Paralysed by an orc sorcerer for 5 turns
 46292 | Lair:7   | Killed Indrah22's ghost
 46667 | Lair:7   | Noticed Snorg
 46673 | Lair:7   | Killed Snorg
 46673 | Lair:7   | Reached XP level 15. HP: 116/139 MP: 23/34
 46838 | Lair:7   | Found a viscous altar of Jiyva.
 46839 | Lair:7   | Found a staircase to the Slime Pits.
 47060 | Lair:8   | Entered Level 8 of the Lair of Beasts
 47280 | Lair:8   | Got a polished spear
 47714 | Lair:8   | Reached skill level 13 in Spellcasting
 48362 | Lair:8   | Reached skill level 5 in Invocations
 50066 | Lair:8   | Identified the +6,+4 spear "Ysexegga" {slay drac, +Rage MR+} (You found it on level 8 of the Lair of Beasts)
 50078 | Lair:8   | Got a brightly glowing falchion
 50286 | Lair:2   | Identified the +5,+9 falchion "Enaov" {holy, rC+ Str+1} (You found it on level 8 of the Lair of Beasts)
 50374 | Lair:2   | Identified a scroll of acquirement
 50387 | Lair:2   | Got a crude hat
 50390 | Lair:2   | Identified the +1 hat of Hairiness {Str+4 Dex+4} (You acquired it on level 2 of the Lair of Beasts)
 52068 | D:13     | Got a slimy great sword
 52072 | D:13     | Identified the cursed +0,-2 great sword of Xom's Favour {slice, rF+ rN+} (You found it on level 13 of the Dungeon)
 52281 | D:13     | Noticed a sphinx
 52282 | D:13     | Paralysed by a sphinx for 2 turns
 52289 | D:13     | Killed a sphinx
 52644 | D:13     | You fall through a shaft!
 52954 | D:13     | Reached skill level 10 in Fighting
 53663 | D:13     | Got a smoking ruby amulet
 53664 | D:13     | Identified the amulet of Insomnia {+Rage rN+} (You found it on level 13 of the Dungeon)
 54196 | Lair:2   | Identified a +2 rod of clouds (13/13) (You found it on level 13 of the Dungeon)
 54572 | D:14     | Reached XP level 16. HP: 130/158 MP: 36/36
 56167 | D:14     | Found a gate to the Vaults.
 56780 | D:15     | Entered Level 15 of the Dungeon
 57039 | D:15     | Found a staircase to the Depths.
 57335 | D:15     | Found a white marble altar of Elyvilon.
 57410 | D:15     | Learned a level 5 spell: Force Lance
 57594 | D:15     | Noticed Maud
 57613 | D:15     | Killed Maud
 58924 | Swamp:1  | Entered Level 1 of the Swamp
 60110 | Swamp:1  | Noticed Frances
 60111 | Swamp:1  | Noticed Louise
 60125 | Swamp:1  | Killed Frances
 61187 | Swamp:1  | Got a twitching bronze ring
 61188 | Swamp:1  | Identified the ring of Due Proportion {+Rage rC+ Str+3 Acc-3 Stlth+} (You acquired it on level 1 of the Swamp)
 61492 | Swamp:1  | Cast into the Abyss (Louise)
 61608 | Abyss:1  | Noticed a bone dragon
 61836 | Abyss:1  | Paralysed by accursed screaming for 1 turns
 62864 | Abyss:1  | Noticed a tentacled starspawn
 63111 | Abyss:1  | Noticed a tentacled starspawn
 63130 | Abyss:1  | Noticed a tentacled starspawn
 63137 | Swamp:1  | Escaped the Abyss
 63147 | Swamp:1  | Killed Louise
 63709 | Swamp:1  | Reached XP level 17. HP: 149/149 MP: 32/36
 63727 | Swamp:1  | Reached skill level 5 in Stealth
 64120 | Swamp:2  | Found a frozen archway.
 64137 | IceCv    | Entered an ice cave
 64263 | IceCv    | Identified the Handbook of Unholy Rituals
 64920 | IceCv    | Noticed an Ice Fiend
 64940 | IceCv    | Killed an Ice Fiend
 65348 | IceCv    | Identified Crieze's Volume of Darkness and Enhancements
 67285 | Swamp:3  | Reached skill level 14 in Polearms
 67830 | Swamp:3  | Noticed Agnes
 67845 | Swamp:3  | Killed Agnes
 68993 | Swamp:3  | Noticed Rupert
 69000 | Swamp:3  | Killed Rupert
 69536 | Swamp:4  | Reached skill level 15 in Polearms
 69832 | Swamp:4  | Reached skill level 1 in Charms
 70695 | Swamp:5  | Entered Level 5 of the Swamp
 72094 | Depths:1 | Entered Level 1 of the Depths
 72106 | Depths:1 | Reached XP level 18. HP: 145/174 MP: 35/37
 72192 | Depths:1 | Noticed Wiglaf
 72212 | Depths:1 | Killed Wiglaf
 72635 | Depths:1 | Learned a level 2 spell: Blink
 72716 | Depths:1 | Reached skill level 1 in Translocations
 72823 | Depths:1 | HP: 7/174 [deep troll (29)]
 72823 | Depths:1 | Mangled by a deep troll

Action                   |  1- 3 |  4- 6 |  7- 9 | 10-12 | 13-15 | 16-18 || total
-------------------------+-------+-------+-------+-------+-------+-------++-------
Melee: Spear             |    90 |   175 |   150 |       |       |       ||   415
       Trident           |       |       |   327 |     4 |    32 |       ||   363
       Flail             |       |       |   171 |   704 |   334 |       ||  1209
       Glaive            |       |       |       |       |  1050 |   918 ||  1968
       Rod               |       |       |       |       |    12 |       ||    12
       Whip              |       |       |       |       |     7 |       ||     7
       Unarmed           |       |       |       |       |     1 |       ||     1
 Fire: Sling             |       |     6 |   243 |   377 |   267 |    10 ||   903
Throw: Dart              |    43 |     4 |    23 |       |       |       ||    70
       Throwing net      |     1 |       |     1 |       |       |       ||     2
       Tomahawk          |       |       |       |    17 |     4 |       ||    21
 Cast: Flame Tongue      |     3 |     4 |     5 |     1 |     7 |       ||    20
       Throw Flame       |     3 |     1 |     4 |    64 |   354 |   288 ||   714
       Conjure Flame     |     1 |     3 |    13 |    24 |    10 |    15 ||    66
       Sticky Flame      |       |       |       |    19 |    70 |    54 ||   143
       Apportation       |       |       |       |     4 |       |       ||     4
       Fireball          |       |       |       |     2 |    45 |    62 ||   109
       Repel Missiles    |       |       |       |       |     4 |     4 ||     8
       Stoneskin         |       |       |       |       |    38 |    53 ||    91
       Inner Flame       |       |       |       |       |     2 |       ||     2
       Force Lance       |       |       |       |       |       |     3 ||     3
Invok: Recite            |     1 |       |     2 |       |     2 |     1 ||     6
       Vitalisation      |       |       |       |    29 |    60 |    33 ||   122
       Sanctuary         |       |       |       |       |       |     2 ||     2
 Abil: Evoke Flight      |       |       |       |     1 |     6 |       ||     7
       Evoke Blink       |       |       |       |       |     6 |     1 ||     7
       Evoke Berserk Rag |       |       |       |       |     2 |     5 ||     7
Evoke: Wand              |       |       |     6 |    35 |    17 |    14 ||    72
       Rod               |       |       |       |    10 |    29 |     8 ||    47
       Stone of tremors  |       |       |       |       |     1 |     1 ||     2
       Sack of spiders   |       |       |       |       |     2 |     3 ||     5
  Use: Scroll            |     4 |    11 |    18 |    19 |    30 |    15 ||    97
       Potion            |       |       |     6 |     5 |    11 |     7 ||    29
 Stab: Sleeping          |       |       |     2 |       |     4 |     2 ||     8
       Distracted        |       |       |     1 |     1 |     1 |     1 ||     4
       Confused          |       |       |       |       |     1 |       ||     1
       Paralysed         |       |       |       |       |       |     1 ||     1
